 Dungeon Crawl Stone Soup version 0.19.0-2-gae57169 (webtiles) character file.

22199 Gottschkopf the Carver (level 12, -19/123 HPs)
             Began as a Minotaur Fighter on Nov 6, 2016.
             Killed from afar by SaintRoka's ghost (21 damage)
             ... with a spray of energy
             ... on level 12 of the Dungeon.
             The game lasted 00:39:45 (11960 turns).

Gottschkopf the Carver (Minotaur Fighter)          Turns: 11960, Time: 00:39:46

Health: -19/123    AC: 23    Str: 38    XL:     12   Next: 60%
Magic:  12/12      EV:  9    Int:  6    God:
Gold:   76         SH: 18    Dex: 13    Spells: 0 memorised, 11 levels left

rFire  + . .     SeeInvis .     a - +1 long sword
rCold  . . .     Gourm    .     L - +0 plate armour
rNeg   + . .     Faith    .     h - +2 shield {rN+}
rPois  .         Spirit   .     (helmet unavailable)
rElec  .         Reflect  +     g - +0 cloak
rCorr  .         Harm     .     c - +2 pair of gloves {Dex+3}
MR     +....     Rnd*Rage +     b - +0 pair of boots
Stlth  ..........               D - +2 amulet of reflection
                                e - +5 ring of strength
                                Q - ring of the Octopus King {rF+ AC+1 EV+1 Str+1 Int+1 Dex+1}

@: mighty, exhausted, about to teleport, slowed, very slow
A: retaliatory headbutt, beak, horns 3, berserk 1, deterioration 1, high mp 1,
magic resistance 1, robust 1, subdued magic 1
a: no special abilities


You were on level 12 of the Dungeon.
You were not hungry.

You visited 1 branch of the dungeon, and saw 12 of its levels.
You also visited: Sewer and Bailey.

You collected 829 gold pieces.
You spent 753 gold pieces at shops.

Inventory:

Hand Weapons
 a - a +1 long sword (weapon)
 d - a +2 hand axe of flaming
 N - a +0 blowgun
 T - a +2 great sword
 U - a cursed +0 great sword of freezing
Missiles
 O - 60 poisoned needles
Armour
 b - a +0 pair of boots (worn)
 c - a +2 pair of gloves of dexterity (worn)
 g - a +0 cloak (worn)
 h - a +2 shield of positive energy (worn)
 r - a +0 hat
 L - a +0 plate armour (worn)
Jewellery
 e - a +5 ring of strength (right hand)
 p - an uncursed ring of resist corrosion
 s - an uncursed ring of flight
 D - a +2 amulet of reflection (around neck)
 Q - a ring of the Octopus King (left hand) {rF+ AC+1 EV+1 Str+1 Int+1 Dex+1}
   (You found it in a bailey)

   [ring of protection from fire]

   It affects your AC (+1).
   It affects your evasion (+1).
   It affects your strength (+1).
   It affects your intelligence (+1).
   It affects your dexterity (+1).
   It protects you from fire.
 S - an uncursed ring of protection from magic
Wands
 q - a wand of flame (7/48)
 w - a wand of teleportation (0/9)
 z - a wand of iceblast (4/15)
 H - a wand of lightning (10/15)
 Y - a wand of disintegration (18/24)
Scrolls
 m - 4 scrolls of teleportation
 u - 2 scrolls of remove curse
 y - 3 scrolls of enchant weapon
 A - a scroll of random uselessness {unknown}
 B - 3 scrolls of fear {unknown}
 E - 2 scrolls of blinking {unknown}
 G - 3 scrolls of amnesia {unknown}
 J - 4 scrolls of enchant armour {unknown}
 P - 2 scrolls of identify
 R - a scroll of vulnerability {unknown}
 W - a scroll of summoning {unknown}
Potions
 j - a potion of heal wounds
 o - a potion of magic
 t - 4 potions of lignification
 x - 2 potions of curing
 F - 2 potions of flight
 K - 2 potions of haste
 M - a potion of cure mutation
Comestibles
 f - 5 bread rations
 i - 8 meat rations
 k - 2 royal jellies
 n - 7 slices of pizza
 v - 4 beef jerkies
 C - 18 fruits
 I - 5 chunks of flesh


   Skills:
 - Level 12.1 Fighting
 - Level 12.5 Long Blades
 + Level 7.4 Throwing
 - Level 12.0 Armour
 - Level 12.2 Shields


You had 11 spell levels left.
You didn't know any spells.

Dungeon Overview and Level Annotations

Branches:
Dungeon (12/15)            Temple (0/1) D:7            Lair (0/6) D:10
    Orc: D:9-12

Altars:
Ashenzari
Fedhas
Hepliaklqana
Kikubaaqudgha
Makhleb
Nemelex Xobeh
Okawaru
Ru
Trog
Xom
Zin

Shops:
D:12 [[[

Annotations:
D:12 SaintRoka's ghost, journeyman GrEn


Innate Abilities, Weirdness & Mutations

You reflexively headbutt those who attack you in melee.
You have a pair of large horns on your head.
You have a beak for a mouth.
You tend to lose your temper in combat.
Your body sometimes deteriorates upon taking damage.
You have an increased reservoir of magic. (+10% MP)
You are resistant to hostile enchantments. (MR+)
You are robust. (+10% HP)
Your spells are a little easier to cast, but a little less powerful.


Message History

Zapping:
w - a wand of teleportation (will waste charges)
Press: ? - help, Shift-Dir - straight line, f - you Nothing appears to happen.
Evoking this partially-identified wand wasted a few charges.
SaintRoka's ghost hits you but does no damage.
SaintRoka's ghost barely misses you.
You feel less confused.
SaintRoka's ghost gestures at you while chanting.
You easily resist.
SaintRoka's ghost shouts, "I was like you once."
You block SaintRoka's ghost's attack.
SaintRoka's ghost hits you but does no damage.
You are electrocuted!
* * * LOW HITPOINT WARNING * * *
There is an open door here.
As you read the scroll of teleportation, it crumbles to dust.
You feel strangely unstable. SaintRoka's ghost casts a spell at you.
The spray of energy hits you!
You die...

#...# .... ###.# ...
# # #.# ..# .## ..
#[# ..#...# #.##)###
.......
+......####)...>..
+#......#..†.......
.........#W##.......
#.........@.#
.......
#.........###
..#'#.. #.........#
..' '.. ###+#######
###+ .# #


You could see SaintRoka's ghost.

Vanquished Creatures
  Gastronok (D:8)
  The ghost of Leibowitz the Unseen, a journeyman KoGl of Uskayaw (D:12)
  Snorg (D:10)
  A hydra (D:10)
  An unseen horror (D:10)
  Pikel (D:7)
  2 hill giants
  The ghost of GordonOverkill the Cleaver, a novice HOFi (D:7)
  An ugly thing (D:12)
  A cyclops (D:10)
  The ghost of Satyr the Grasshopper, a novice NaWr (D:5)
  A centaur skeleton (D:11)
  A gargoyle (D:11)
  A hornet (D:9)
  Grinder (D:5)
  2 trolls
  2 hippogriffs (D:8)
  2 dream sheep (D:10)
  A two-headed ogre (D:9)
  A wyvern (D:9)
  17 yaks
  Eustachio (D:6)
  A hungry ghost (D:10)
  Duvessa (D:7)
  A hornet zombie (D:5)
  An ice beast (D:8)
  15 orc warriors
  3 phantoms
  6 sky beasts
  A black bear (D:7)
  4 slaves (D:7)
  3 ogres
  9 centaurs
  12 big kobolds
  2 bullfrogs
  A wyvern skeleton (D:9)
  Dowan (D:7)
  6 scorpions
  A water moccasin skeleton (D:9)
  11 killer bees (D:7)
  8 wights
  4 howler monkeys
  3 crimson imps
  5 centaur zombies
  8 hounds
  6 jellies
  A bullfrog zombie (D:6)
  A gnoll shaman (D:6)
  7 orc priests
  3 bullfrog skeletons
  14 orc wizards
  12 worker ants
  4 iguanas
  2 killer bee zombies
  A hound zombie (D:10)
  3 hound skeletons
  A mummy (D:10)
  A worker ant zombie (D:9)
  11 gnolls
  4 river rats (D:10)
  15 adders
  A howler monkey skeleton (D:7)
  7 shadow imps
  2 oozes
  An adder skeleton (D:5)
  5 worms
  A dart slug (D:1)
  A leopard gecko (D:11)
  69 orcs
  2 giant cockroaches
  6 hobgoblins
  15 jackals
  2 quokkas
  3 ball pythons
  14 bats
  4 frilled lizards
  6 goblins
  33 kobolds
  3 leopard gecko skeletons
  12 rats
422 creatures vanquished.

Vanquished Creatures (others)
  6 centaurs
  2 kobolds
  3 plants (D:10)
  A withered plant (D:8)
12 creatures vanquished.

Grand Total: 434 creatures vanquished

Notes
Turn   | Place    | Note
-------+----------+-------------------------------------------
     0 | D:1      | Gottschkopf the Minotaur Fighter began the quest for the Orb.
     0 | D:1      | Reached XP level 1. HP: 19/19 MP: 0/0
   344 | D:1      | Reached XP level 2. HP: 20/27 MP: 1/1
   489 | D:3      | Found a glowing drain.
   492 | D:3      | Reached skill level 5 in Fighting
   502 | D:3      | Reached XP level 3. HP: 37/37 MP: 2/2
   505 | Sewer    | Entered a sewer
   528 | Sewer    | Reached XP level 4. HP: 34/44 MP: 3/3
   805 | Sewer    | Noticed a big kobold
   818 | Sewer    | Killed a big kobold
   818 | Sewer    | Reached XP level 5. HP: 40/52 MP: 4/4
   928 | D:3      | Found a burning altar of Makhleb.
  1091 | D:3      | Reached XP level 6. HP: 57/61 MP: 5/5
  1347 | D:4      | Found a shattered altar of Ashenzari.
  1587 | D:4      | Reached XP level 7. HP: 57/71 MP: 6/6
  1592 | D:4      | Reached skill level 10 in Fighting
  1822 | D:5      | Entered Level 5 of the Dungeon
  1864 | D:5      | Noticed Grinder
  1869 | D:5      | Killed Grinder
  2016 | D:5      | Reached XP level 8. HP: 64/82 MP: 7/7
  2556 | D:5      | Noticed Satyr's ghost (novice NaWr)
  2598 | D:5      | Killed Satyr's ghost
  2598 | D:5      | Reached skill level 5 in Long Blades
  2947 | D:6      | Found a blossoming altar of Fedhas.
  3046 | D:6      | Reached XP level 9. HP: 73/90 MP: 8/8
  3431 | D:6      | Noticed Eustachio
  3476 | D:6      | Killed Eustachio
  3938 | D:3      | Found a bloodstained altar of Trog.
  3989 | D:3      | Noticed an angel
  3990 | D:3      | Found a glowing silver altar of Zin.
  3991 | D:3      | Found a shimmering altar of Xom.
  4075 | D:3      | Found a sparkling altar of Nemelex Xobeh.
  4152 | D:3      | Found an iron altar of Okawaru.
  4576 | D:5      | Reached skill level 10 in Long Blades
  5198 | D:7      | Noticed GordonOverkill's ghost (novice HOFi)
  5219 | D:7      | Killed GordonOverkill's ghost
  5219 | D:7      | Reached XP level 10. HP: 58/97 MP: 9/9
  5307 | D:7      | Noticed Dowan
  5310 | D:7      | Noticed Duvessa
  5314 | D:7      | Killed Dowan
  5319 | D:7      | Killed Duvessa
  5382 | D:7      | Found a staircase to the Ecumenical Temple.
  5434 | D:7      | Reached skill level 5 in Armour
  5671 | D:7      | Found a sacrificial altar of Ru.
  5893 | D:7      | Noticed Pikel
  5906 | D:7      | Killed Pikel
  6295 | D:8      | Found an ancient bone altar of Kikubaaqudgha.
  6323 | D:8      | Gained mutation: You are robust. (+10% HP) [mutagenic meat]
  6324 | D:8      | Gained mutation: Your spells are a little easier to cast, but a little less powerful. [mutagenic meat]
  6325 | D:8      | Gained mutation: You tend to lose your temper in combat. [mutagenic meat]
  6326 | D:8      | Gained mutation: Scrolls take you a little longer to read. [mutagenic meat]
  6385 | D:8      | Found a hazy altar of Hepliaklqana.
  6436 | D:8      | Lost mutation: Scrolls take you a little longer to read. [potion of mutation]
  6436 | D:8      | Gained mutation: You have a beak for a mouth. [potion of mutation]
  6436 | D:8      | Gained mutation: Your body sometimes deteriorates upon taking damage. [potion of mutation]
  6478 | D:8      | Noticed Gastronok
  6517 | D:8      | Killed Gastronok
  6517 | D:8      | Reached skill level 10 in Armour
  7052 | D:8      | Reached XP level 11. HP: 90/114 MP: 10/10
  7380 | D:9      | Reached skill level 5 in Shields
  7432 | D:9      | Gained mutation: You are resistant to hostile enchantments. (MR+) [mutagenic meat]
  7433 | D:9      | Gained mutation: You have a pair of large horns on your head. [mutagenic meat]
  7434 | D:9      | Gained mutation: You have an increased reservoir of magic. (+10% MP) [mutagenic meat]
  8091 | D:10     | Entered Level 10 of the Dungeon
  8505 | D:10     | Killed an unseen horror
  8509 | D:10     | Found a flagged portal.
  8562 | Bailey   | Entered a bailey
  9065 | Bailey   | Reached skill level 10 in Shields
  9218 | Bailey   | Got a ring of the Octopus King
  9220 | Bailey   | Identified a ring of the Octopus King {rF+ AC+1 EV+1 Str+1 Int+1 Dex+1} (You found it in a bailey)
  9589 | D:10     | Found a staircase to the Lair.
  9912 | D:10     | Noticed Snorg
  9929 | D:10     | Killed Snorg
 10388 | D:10     | Reached XP level 12. HP: 106/123 MP: 12/12
 10562 | D:10     | Noticed a two-headed hydra
 10584 | D:10     | Killed a two-headed hydra
 10785 | D:11     | Reached skill level 1 in Throwing
 11251 | D:11     | Reached skill level 5 in Throwing
 11470 | D:12     | Found Jeqasah's Antique Armour Shoppe.
 11518 | D:12     | Bought a shiny shield for 409 gold pieces
 11534 | D:12     | Noticed Leibowitz's ghost (journeyman KoGl)
 11627 | D:12     | Killed Leibowitz's ghost
 11793 | D:12     | Found Jameaxul's Armour Shop.
 11803 | D:12     | Bought a +2 pair of gloves of dexterity for 344 gold pieces
 11868 | D:12     | Found Karch's Armour Boutique.
 11918 | D:12     | Noticed SaintRoka's ghost (journeyman GrEn)
 11959 | D:12     | HP: 2/123 [SaintRoka's ghost (13)]
 11960 | D:12     | Killed from afar by SaintRoka's ghost

Skill      XL: |  1  2  3  4  5  6  7  8  9 10 11 12 |
---------------+-------------------------------------+-----
Fighting       | 4 5 7 8 9 11 12 | 12.1
Long Blades    | 7 12 | 12.5
Armour         | 11 12 | 12.0
Shields        | 12 | 12.2
Throwing       | 7 |  7.4

Action                   |  1- 3 |  4- 6 |  7- 9 | 10-12 || total
-------------------------+-------+-------+-------+-------++-------
Melee: Long sword        |    41 |   125 |   385 |   845 ||  1396
       Headbutt          |     7 |    18 |    71 |   205 ||   301
       Peck              |       |       |       |   163 ||   163
       Flail             |       |       |       |    12 ||    12
 Abil: Evoke Flight      |       |       |       |     4 ||     4
Evoke: Wand              |       |       |       |     1 ||     1
  Use: Scroll            |       |     6 |     7 |     9 ||    22
       Potion            |       |       |     3 |     3 ||     6
 Stab: Distracted        |       |       |       |     1 ||     1
  Eat: Chunk             |       |     3 |    12 |    32 ||    47
Armor: Scale mail        |    24 |    51 |   127 |     7 ||   209
       Plate armour      |       |       |       |   313 ||   313
Dodge: Dodged            |    14 |    38 |    90 |   145 ||   287
Block: Shield            |    27 |    64 |   214 |   555 ||   860
       Reflection        |       |       |    10 |    46 ||    56
       Rpst.: Long sword |     2 |     8 |    22 |    32 ||    64
